 Dungeon Crawl Stone Soup version 0.29.0-5-ge4962eb29e (webtiles) character file.

Game seed: 7265544245590268830

509 tizbic2 the Grave Robber (level 6, 0/47 HPs)
             Began as a Mummy Necromancer on Aug 29, 2022.
             Was a Believer of Qazlal.
             Killed from afar by a green death (8 damage)
             ... with a poison arrow
             ... on level 1 of the Abyss.
             The game lasted 00:14:57 (3232 turns).

tizbic2 the Grave Robber (Mummy Necromancer)        Turns: 3232, Time: 00:14:57

Health: 0/47       AC:  6    Str: 19    XL:     6   Next: 98%
Magic:  17/22      EV: 11    Int: 15    God:    Qazlal [**....]
Gold:   158        SH:  3    Dex: 12    Spells: 7/15 levels left

rFire   x . .      SeeInvis .   g - +0 hand axe
rCold   + . .      Faith    .   (no shield)
rNeg    + + +      Spirit   .   c - +0 ring mail
rPois   ∞          Reflect  .   (no helmet)
rElec   .          Harm     .   i - +0 cloak
rCorr   .          Rampage  .   (no gloves)
Will    .....                   (no boots)
Stlth   +.........              (no amulet)
HPRegen 0.15/turn               f - +6 ring of strength
MPRegen 0.18/turn               m - ring of magical power

@: no status effects
A: cold resistance 1, negative energy resistance 3, torment resistance 2, heat
vulnerability 1, in touch with death 1, no potions
a: Renounce Religion, Upheaval


You were on level 1 of the Abyss.
You worshipped Qazlal.
Qazlal was pleased with you.
You visited 1 branch of the dungeon, and saw 5 of its levels.
You visited the Abyss 1 time.

You collected 158 gold pieces.

Inventory:

Hand Weapons
 b - a +0 sling
 g - a +0 hand axe (weapon)
 j - a +0 war axe
 n - the +2 short sword of Destiny {distort, rF+ Int+3}
   (You found it on level 4 of the Dungeon)

   It warps and distorts space around it, and may blink, banish, or inflict
   extra damage upon those it strikes.
   Unwielding it can cause banishment or high damage.
   Int:       It affects your intelligence (+3).
   rF:        It protects you from fire.
Armour
 a - a +0 robe
 c - a +0 ring mail (worn)
 i - a +0 cloak (worn)
Jewellery
 f - a +6 ring of strength (left hand)
 m - a ring of magical power (right hand)
Wands
 r - a wand of roots (6)
Scrolls
 d - a scroll of vulnerability {unknown}
 e - a scroll of noise
 h - a scroll of acquirement {unknown}
 k - 2 scrolls of identify
 l - 2 scrolls of magic mapping {unknown}
 o - a scroll of teleportation {unknown}
 p - a scroll of immolation {unknown}
 q - a scroll of summoning {unknown}


   Skills:
 + Level 3.3 Fighting
 - Level 1.5 Dodging
 - Level 1.5 Stealth
 + Level 5.1 Spellcasting
 * Level 6.5 Necromancy


You had 7 spell levels left.
You knew the following spells:

 Your Spells              Type           Power      Damage    Failure   Level
a - Necrotise             Necr           100%       1d9       1%          1
b - Vampiric Draining     Necr           35%        2d8       5%          3
c - Animate Dead          Necr           35%        N/A       19%         4

Your spell library contained the following spells:

 Spells                   Type           Power      Damage    Failure   Level
 Apportation              Tloc           6%         N/A       28%         1
 Agony                    Necr           35%        N/A       45%         5
 Ignite Poison            Fire/Tmut/Pois 3%         N/A       63%         3
 Mephitic Cloud           Conj/Pois/Air  3%         N/A       63%         3
 Alistair's Intoxication  Tmut/Pois      2%         N/A       100%        5
 Freezing Cloud           Conj/Ice/Air   1%         6-21      100%        5


Dungeon Overview and Level Annotations

Branches:
Dungeon (5/15)
 Temple: D:4-7

Altars:
Qazlal

Annotations:
D:3 1 runed translucent door, baller8008's ghost, amateur PaFi


Innate Abilities, Weirdness & Mutations

You are immune to poison.
Your flesh is cold resistant. (rC+)
You are immune to negative energy. (rN+++)
You are immune to unholy pain and torment.
You are vulnerable to heat. (rF-)
You are in touch with the powers of death.
You do not drink.


Message History

Aim: an orc, wielding a +0 trident (severely wounded, ally target)
You feel a surge of power!
You draw life force from the orc!
You kill the orc!
Qazlal accepts your kill.
You feel life coursing into your body.
Casting: Vampiric Draining (dangerous; 4% risk of failure)
Confirm with . or Enter, or press ? or * to list all spells.
Aiming: Vampiric Draining (dangerous; 4% risk of failure)
Press: ? - help, Shift-Dir - straight line, f - orc
Aim: an orc, wielding a +0 whip and wearing a +0 ring mail (moderately wounded, ally target)
You feel a surge of power!
You draw life force from the orc!
You kill the orc!
Qazlal accepts your kill.
You feel life coursing into your body.
You swap places.
Really unwield
n - the +2 short sword of Destiny {distort, rF+ Int+3}?
g - a +0 hand axe (weapon)
You are cast into the Abyss!
This branch contains the abyssal rune of Zot.
Okay, then.
Found a gateway leading deeper into the Abyss.
Your reaping aura is weakening.
There is a gateway leading deeper into the Abyss here.
Your reaping aura expires.
The goblin unwields a +0 club.
The goblin wields a +0 sling.
The goblin shoots a sling bullet.
The sling bullet hits you.
* * * LOW HITPOINT WARNING * * *
The goblin shoots a sling bullet.
The sling bullet barely misses you.
The goblin shoots a sling bullet.
The sling bullet closely misses you.
The green death roars!
The goblin shoots a sling bullet.
The sling bullet hits you.
* * * LOW HITPOINT WARNING * * *
Press: ? - help, v - describe, . - travel The floor.
There is a cloud of translocational energy here.
The goblin shoots a sling bullet.
The sling bullet hits you.
* * * LOW HITPOINT WARNING * * *
The green death gestures at you. The poison arrow hits you!
You partially resist.
You die...

.. # ..# .##
..# ..# #..
##.# #.##
##...###...##
..#....☼#....2#
........○...§§
.#....@#.....#
##...###...##
##.# #.## #..
..# #.. ..#
.... ... ..#g
.#. .###


You could see a green death and a goblin.

Vanquished Creatures
  Grinder (D:4)
  A centaur (D:5)
  A scorpion (D:4)
  A howler monkey (D:4)
  4 adders
  6 dart slugs
  5 orcs
  9 ball pythons
  10 endoplasms
  2 giant cockroaches (D:1)
  5 goblins
  8 hobgoblins
  3 quokkas
  2 bats
  2 frilled lizards (D:3)
  A goblin zombie (D:4)
  8 kobolds
  4 rats
73 creatures vanquished.

Vanquished Creatures (collateral kills)
  A ball python (D:2)
1 creature vanquished.

Vanquished Creatures (others)
  A hobgoblin zombie (D:4)
1 creature vanquished.

Grand Total: 75 creatures vanquished

Notes
Turn   | Place    | Note
-------+----------+-------------------------------------------
     0 | D:1      | tizbic2 the Mummy Necromancer began the quest for the Orb.
     0 | D:1      | Reached XP level 1. HP: 13/13 MP: 4/4
   293 | D:1      | Reached XP level 2. HP: 7/20 MP: 5/5
   897 | D:1      | Reached skill level 1 in Fighting
  1150 | D:2      | Gained mutation: You are in touch with the powers of death.
                  | [Mummy growth]
  1150 | D:2      | Reached XP level 3. HP: 17/26 MP: 2/7
  1428 | D:3      | Found a faded altar of an unknown god.
  1432 | D:3      | Prayed at the altar of an unknown god.
  1432 | D:3      | Became a worshipper of Qazlal Stormbringer
  1432 | D:3      | Reached * piety under Qazlal
  1680 | D:3      | Learned a level 3 spell: Vampiric Draining
  1746 | D:3      | Reached XP level 4. HP: 25/32 MP: 9/9
  2011 | D:3      | Found a runed translucent door.
  2014 | D:3      | Noticed baller8008's ghost (amateur PaFi)
  2074 | D:3      | Reached skill level 5 in Necromancy
  2466 | D:4      | Identified the +2 short sword of Destiny {distort, rF+
                  | Int+3}
  2480 | D:4      | Reached ** piety under Qazlal
  2571 | D:4      | Reached XP level 5. HP: 19/38 MP: 11/11
  2730 | D:4      | Noticed Grinder
  2731 | D:4      | Paralysed by Grinder for 2 turns
  2745 | D:4      | Killed Grinder
  2746 | D:4      | Reached skill level 6 in Necromancy
  2746 | D:4      | Reached XP level 6. HP: 36/46 MP: 13/13
  2760 | D:4      | Learned a level 4 spell: Animate Dead
  2845 | D:4      | Identified the +1 leather armour "Labbui" {Harm}
  3177 | D:5      | Entered Level 5 of the Dungeon
  3189 | D:5      | Reached skill level 5 in Spellcasting
  3204 | Abyss:1  | Cast into level 1 of the Abyss (unwielding a weapon of
                  | distortion)
  3231 | Abyss:1  | Noticed a green death
  3232 | Abyss:1  | Killed from afar by a green death

Illustrated notes

Levels and vault maps discovered:
D:1:      nicolae_arrival_memento_mori, layout_rooms
D:2:      layout_rooms
D:3:      layout_loops_ring, ebering_ghost_reflecting_pool,
          nicolae_ecumenical_oubliette
D:4:      layout_loops_cross, uniq_grinder
D:5:      layout_gridville, minmay_temple_entry_grid, grunt_ministairs_6,
          dreamdust_mushroom_princess, lightli_church_of_beogh, uniq_sigmund
Abyss:1:  base: D:2, guppyfry_abyss_exit_imp_island

Skill      XL: |  1  2  3  4  5  6 |
---------------+-------------------+-----
Spellcasting   | 3 4 5 |  5.1
Fighting       | 1 2 3 |  3.3
Necromancy     | 5 6 |  6.5
Dodging        | |  1.5
Stealth        | |  1.5

Action                   |  1- 3 |  4- 6 || total
-------------------------+-------+-------++-------
Melee: Dagger            |    19 |       ||    19
       Hand axe          |    48 |    48 ||    96
       Short sword       |       |    51 ||    51
       Punch             |       |     3 ||     3
 Fire: Sling             |    25 |       ||    25
 Cast: Necrotise         |    35 |     4 ||    39
       Animate Dead      |       |     3 ||     3
       Vampiric Draining |       |     3 ||     3
  Use: Scroll            |     1 |       ||     1
 Stab: Sleeping          |     2 |       ||     2
Armor: Ring mail         |    45 |    42 ||    87
       Robe              |     4 |       ||     4
Dodge: Dodged            |    48 |    60 ||   108
Block: Other             |     3 |    10 ||    13
